 Dungeon Crawl Stone Soup version 0.30.1-3-gfc49f6343a (console) character file.

Game seed: 12411611904073213313

4715 Zeor the Basher (level 10, -2/61 HPs)
             Began as a Gargoyle Monk on July 28, 2023.
             Was an Elder of Zin.
             Splashed by a brown ugly thing's acid (10 damage)
             ... on level 8 of the Dungeon on July 29, 2023.
             The game lasted 00:23:48 (6915 turns).

Zeor the Basher (Gargoyle Monk)                     Turns: 6915, Time: 00:23:49

Health: -2/61      AC: 20    Str: 18    XL:     10   Next: 45%
Magic:  14/14      EV:  9    Int: 10    God:    Zin [****..]
Gold:   288        SH:  0    Dex: 16    Spells: 9/9 levels left

rFire   . . .        a - +2 morningstar (heavy)
rCold   . . .        d - orb {light}
rNeg    + . .        f - +1 chain mail
rPois   ∞            A - +1 helmet
rElec   +            s - +0 cloak
rCorr   .            x - +0 pair of gloves
SInv    +            g - +0 pair of boots
Will    +....        (no amulet) Stlth
                     j - ring of willpower
HPRegen 0.30/turn    o - ring of see invisible
MPRegen 0.14/turn

%: no passive effects
@: about to teleport, corroded, on recite cooldown, glowing
A: sickness immunity, AC +7, negative energy resistance 1, electricity
resistance, torment resistance 1, petrification resistance, agile 1
a: Renounce Religion, Recite, Vitalisation, Imprison, Donate Gold


You were on level 8 of the Dungeon.
You worshipped Zin.
Zin was greatly pleased with you.
You visited 1 branch of the dungeon, and saw 8 of its levels.

You collected 320 gold pieces.
You donated 32 gold pieces to Zin.

Inventory:

Hand Weapons
 a - a +2 heavy morningstar (weapon)
 k - a +0 flail
 l - a +3 heavy flail
 m - a +3 flail
 q - a +0 flail of holy wrath
Missiles
 e - 17 poisoned darts (quivered)
Armour
 d - an orb of light (worn)
 f - a +1 chain mail (worn)
 g - a +0 pair of boots (worn)
 s - a +0 cloak (worn)
 x - a +0 pair of gloves (worn)
 A - a +1 helmet (worn)
Jewellery
 j - a ring of willpower (left hand)
 o - a ring of see invisible (right hand)
 r - a ring of magical power
Wands
 h - a wand of flame (41)
 v - a wand of mindburst (12)
Scrolls
 t - a scroll of magic mapping
 w - 2 scrolls of teleportation
 y - a scroll of fog
Potions
 b - 3 potions of brilliance
 c - a potion of ambrosia
 n - a potion of mutation
 p - a potion of flight
 u - a potion of invisibility


   Skills:
 + Level 6.9 Fighting
 * Level 11.3 Maces & Flails
 + Level 6.0 Armour
 + Level 4.0 Dodging
 + Level 1.3 Stealth
 * Level 5.6 Invocations


You had 9 spell levels left.
You didn't know any spells.
Your spell library was empty.

Dungeon Overview and Level Annotations

Branches:
Dungeon (8/15)             Temple (0/1) D:6
   Lair: D:8-11

Altars:
Elyvilon
Hepliaklqana
Qazlal
Uskayaw
Vehumet
Zin
The Shining One

Annotations:
D:7 2 transporters, BillyBaka's ghost, novice GnWn


Innate Abilities, Weirdness & Mutations

You are immune to sickness and miasma.
Your stone body is resilient. (AC +7)
You are immune to poison.
You resist negative energy. (rN+)
You are resistant to electric shocks. (rElec)
You are resistant to unholy torment.
You are immune to petrification.
You are agile. (Dex +4, Str/Int -1)


Message History

You are glowing.
Your movement speed is average.
Your attack delay is about 1.4.
Your damage rating with your +2 heavy morningstar is about 39 (Base [13 + 10 (Hvy)] x 120% (Str) x 136% (Skill) + 2 (Ench)).
Your base attributes are Str 19, Int 11, Dex 12.
An orc priest comes into view. It is wielding a +0 war axe.
An orc comes into view. It is wielding a +0 short sword.
You hit the brown ugly thing.
The brown ugly thing is lightly wounded.
The brown ugly thing pecks you.
You are splashed with acid.
The orc moves out of view.
You bludgeon the brown ugly thing!!
The brown ugly thing is heavily wounded.
The brown ugly thing pecks you! The acid corrodes you!
You are splashed with acid!
The brown ugly thing pecks you!
You are splashed with acid!
* * * LOW HITPOINT WARNING * * *
Unknown command.
Activating: Recite (0% risk of failure)
Press: ? - help, Dir - look around, f - activate You clear your throat and prepare to recite. "And lo, the wrath of Zin did find..."
The orc priest is limned with silver light.
The orc priest shouts!
You hear a shout!
The brown ugly thing pecks you.
* * * LOW HITPOINT WARNING * * *
You are splashed with acid.
* * * LOW HITPOINT WARNING * * *
Okay, then.
As you read the scroll of teleportation, it crumbles to dust.
You feel strangely unstable. "...them wherever they hid, and the amorphous wretches..."
You hear a shout!
The brown ugly thing pecks you but does no damage. "...were condemned for their discord!"
You finish reciting Abominations 15:36.
The brown ugly thing attacks as you move away!
The brown ugly thing pecks you! Zin protects you from harm!
You are splashed with acid!
You die... ∙∙∙∙∙∙∙∙▒▒∙∙∙∙∙∙∙∙∙∙∙∙∙∙▒▒▒▒▒▒▒▒ ∙∙∙∙∙∙∙▒▒∙∙∙∙∙∙∙∙∙∙∙∙∙∙∙∙ ∙∙∙∙∙∙∙▒ ∙∙∙∙∙∙∙∙∙∙∙∙∙∙∙∙ ∙∙∙∙∙▒∙▒ ∙∙∙∙∙∙∙∙∙∙∙∙∙∙∙∙∙

∙▒∙∙∙▒∙▒ ∙∙∙∙∙∙#?#≈#∙∙∙∙∙∙▒
∙▒▒∙▒▒∙▒ ∙∙∙∙∙∙∙≈≈∙∙∙∙∙∙∙∙▒
∙▒▒∙∙▒∙▒ ∙∙∙∙∙∙∙≈≈∙o∙∙∙∙∙∙▒
▒▒▒▒∙▒∙▒ ∙∙∙∙∙∙≈∙u≈∙∙∙∙∙∙∙▒
∙∙∙∙∙∙∙▒ ∙∙∙∙∙∙∙9∙o∙∙∙∙∙∙∙▒
∙∙∙∙∙∙∙▒ ∙∙∙∙∙∙∙∙∙∙∙∙∙∙∙∙∙▒
∙∙∙∙∙∙∙▒▒∙∙∙∙∙∙∙∙∙∙∙∙∙∙∙∙▒
∙∙∙∙∙∙∙∙▒▒∙∙∙∙∙∙∙∙∙∙∙∙∙∙▒▒
∙∙∙∙∙▒∙∙∙▒▒∙∙∙∙∙∙∙∙∙∙∙∙▒▒
∙∙∙∙∙∙∙∙∙▒▒▒∙∙∙∙∙∙∙)∙∙▒▒▒▒▒▒▒▒▒▒
∙∙∙∙∙∙▒∙∙▒ ▒▒∙∙∙∙∙∙∙∙▒▒∙∙∙∙∙∙∙∙▒
∙∙∙∙∙∙▒▒>▒▒▒▒▒▒▒''▒▒▒▒▒∙∙∙∙∙∙∙∙▒
∙∙▒∙∙∙∙∙∙∙∙∙∙∙∙▒∙∙∙)∙∙∙∙∙∙∙∙∙∙∙▒


You could see a brown ugly thing, an orc priest (corona) and an orc.

Vanquished Creatures
  A deep elf pyromancer (D:8)
  A manticore (D:8)
  Grinder (D:3)
  A wyvern (D:8)
  A steam dragon (D:8)
  2 orc warriors (D:8)
  2 water moccasins (D:8)
  3 sky beasts (D:7)
  3 ice beasts
  An ogre (D:5)
  2 centaurs
  A phantom (D:7)
  A kobold brigand (D:8)
  3 bullfrogs
  A gnoll sergeant (D:7)
  3 scorpions
  10 wights
  4 howler monkeys
  A gnoll bouda (D:8)
  8 hounds
  2 jellies
  2 orc priests (D:8)
  Crazy Yiuf (D:4)
  A sleepcap (D:6)
  6 iguanas
  2 orc wizards (D:8)
  14 gnolls
  9 adders
  2 shadow imps
  2 white imps
  An ufetubus (D:5)
  2 worms
  5 dart slugs
  21 orcs
  3 bats
  7 endoplasms
  3 giant cockroaches
  6 goblins
  7 hobgoblins
  2 quokkas
  8 ball pythons
  3 frilled lizards (D:1)
  10 kobolds
  4 rats
173 creatures vanquished.

Notes
Turn   | Place    | Note
-------+----------+-------------------------------------------
     0 | D:1      | Zeor the Gargoyle Monk began the quest for the Orb.
     0 | D:1      | Reached XP level 1. HP: 14/14 MP: 1/1
    85 | D:1      | Reached XP level 2. HP: 16/19 MP: 2/2
   291 | D:1      | Reached XP level 3. HP: 24/24 MP: 3/3
   542 | D:2      | Found a radiant altar of Vehumet.
  1497 | D:3      | Reached skill level 4 in Maces & Flails
  1497 | D:3      | Reached XP level 4. HP: 29/29 MP: 4/4
  1615 | D:3      | Found a white marble altar of Elyvilon.
  1615 | D:3      | Found a hide-covered altar of Uskayaw.
  1683 | D:3      | Noticed Grinder
  1696 | D:3      | Killed Grinder
  1697 | D:3      | Reached skill level 5 in Maces & Flails
  1697 | D:3      | Reached skill level 1 in Armour
  1697 | D:3      | Reached XP level 5. HP: 23/33 MP: 5/5
  1697 | D:3      | Reached XP level 6. HP: 27/38 MP: 6/6
  1906 | D:3      | Reached skill level 6 in Maces & Flails
  2335 | D:4      | Found a glowing silver altar of Zin.
  2342 | D:4      | Became a worshipper of Zin the Law-Giver
  2342 | D:4      | Reached * piety under Zin
  2342 | D:4      | Reached ** piety under Zin
  2909 | D:4      | Reached XP level 7. HP: 41/44 MP: 7/7
  3035 | D:4      | Found a runed translucent door.
  3036 | D:4      | Noticed Crazy Yiuf
  3241 | D:4      | Killed Crazy Yiuf
  3316 | D:5      | Entered Level 5 of the Dungeon
  3365 | D:5      | Reached skill level 1 in Invocations
  3561 | D:5      | Reached skill level 7 in Maces & Flails
  3715 | D:5      | Reached XP level 8. HP: 43/48 MP: 9/9
  3984 | D:5      | Reached *** piety under Zin
  4215 | D:6      | Reached skill level 5 in Fighting
  4218 | D:6      | Gained mutation: You are agile. (Dex +4, Str/Int -1)
                  | [potion of mutation]
  4218 | D:6      | Zin protects you from harm!
  4231 | D:6      | Reached skill level 8 in Maces & Flails
  4366 | D:6      | Found a hazy altar of Hepliaklqana.
  4501 | D:6      | Found a staircase to the Ecumenical Temple.
  4510 | D:6      | Identified the +3 mace "Haf Paer" {pain, rC+ Will+ Str-3}
  4542 | D:6      | Reached XP level 9. HP: 29/54 MP: 10/12
  4674 | D:6      | Found a glowing golden altar of the Shining One.
  4957 | D:7      | Reached skill level 1 in Stealth
  4966 | D:7      | Reached skill level 9 in Maces & Flails
  5083 | D:7      | Found a transporter.
  5083 | D:7      | Noticed a queen bee
  5091 | D:7      | Found a transporter.
  5091 | D:7      | Noticed BillyBaka's ghost (novice GnWn)
  5097 | D:7      | Noticed a hornet
  5140 | D:7      | Reached **** piety under Zin
  5153 | D:7      | Reached skill level 5 in Armour
  5463 | D:7      | Reached skill level 10 in Maces & Flails
  5605 | D:8      | Found a stormy altar of Qazlal.
  5929 | D:8      | Reached skill level 5 in Invocations
  5933 | D:8      | Reached XP level 10. HP: 36/61 MP: 13/13
  6129 | D:8      | Noticed a manticore
  6153 | D:8      | Killed a manticore
  6154 | D:8      | Reached skill level 11 in Maces & Flails
  6753 | D:8      | Noticed a deep elf pyromancer
  6777 | D:8      | Killed a deep elf pyromancer
  6907 | D:8      | Noticed a brown ugly thing
  6915 | D:8      | Zin protects you from harm!
  6915 | D:8      | Splashed by a brown ugly thing's acid

Illustrated notes

Levels and vault maps discovered:
D:1:      wander_arrival_abandoned_jail, layout_rooms,
          nicolae_kite_square_tiling_tiny
D:2:      layout_loops_corners, basic_altar, minmay_tall_x
D:3:      layout_loops_cross, nicolae_overflow_two_pavilions,
          nicolae_half_adder, uniq_grinder
D:4:      layout_loops_ring, zin_scriptorium, uniq_crazy_yiuf_cottage
D:5:      kb_forest_paths, layout_rooms
D:6:      layout_cave_pools, mainiacjoe_overflow_boulevard, kennysheep_mini,
          minmay_temple_entry_tees
D:7:      layout_basic, gammafunk_ghost_hive, serial_bayou_pond_e
D:8:      kennysheep_big_flooded_room, layout_basic,
          nicolae_qazlal_style_of_elements, kennysheep_generic_room_7

Skill      XL: |  1  2  3  4  5  6  7  8  9 10 |
---------------+-------------------------------+-----
Maces & Flails | 4 5 6 7 8 10 11 | 11.3
Fighting       | 4 5 6 |  6.9
Armour         | 1 2 4 5 6 |  6.0
Dodging        | 3 4 |  4.0
Invocations    | 2 4 5 |  5.6
Stealth        | 1 |  1.3

Action                     |  1- 3 |  4- 6 |  7- 9 | 10-12 || total
---------------------------+-------+-------+-------+-------++-------
  Melee: Mace              |    97 |     4 |    28 |       ||   129
         Flail             |       |   111 |   239 |    70 ||   420
         Morningstar       |       |       |       |     2 ||     2
 Invoke: Recite            |       |       |     7 |     2 ||     9
    Use: Scroll            |     7 |     3 |     5 |     2 ||    17
         Potion            |       |     1 |     8 |     1 ||    10
   Stab: Invisible         |       |       |     1 |       ||     1
 Armour: Chain mail        |    72 |    65 |   267 |    72 ||   476
  Dodge: Dodged            |    57 |    50 |   181 |    40 ||   328
